AoeStats
← Yakudzzza

Black Forest

510512038Analyzed
2v2 RM · 1d ago on Oct 1, 2026· 61m 13s· 4 players
Game mode
Random Map
Map size
Medium (4 player)
Population
200
Speed
Normal
Resources
Standard
Victory
Conquest
Starting age
Dark Age
Ending age
Imperial Age
RankedLock teamsTeams togetherTeam positionsShared explorationLock speedFull tech treeHidden civsTurbo modeCheats
Victory
Defeat
🇸🇪 Varangians · Sweden
543
+11
🇷🇺 Bohemians · Russia
479
+13
🇨🇿 Teutons · Czechia
441
-13
🇨🇿 Burgundians · Czechia
398
-11
Ronny. F Sweden
1:16 Loom
13:14 Feudal Age
13:40 Town Watch
14:31 Wheelbarrow
13:43 Double-Bit Axe
13:41 Horse Collar
22:53 Castle Age
21:03 Man-at-Arms
22:24 Padded Archer Armor
22:35 Forging
22:30 Scale Barding Armor
22:26 Scale Mail Armor
24:05 Town Patrol
24:21 Hand Cart
24:04 Stone Mining
24:04 Gold Mining
24:58 Bow Saw
24:41 Fletching
25:40 Gambesons
30:37 Arson
30:12 Pikeman
30:53 Squires
30:47 Treadmill Crane
31:28 Ballistics
31:24 Devotion
31:35 Fervor
31:51 Fishing Lines
32:41 Husbandry
32:59 Gillnets
33:47 Masonry
34:39 Caravan
35:17 Coinage
35:08 Murder Holes
35:24 Fortified Wall
37:15 Heavy Plow
37:52 Stone Shaft Mining
37:23 Heated Shot
37:59 Guard Tower
39:35 Herbal Medicine
39:42 Atonement
39:29 Vendel Legacy
44:35 Imperial Age
43:19 Bloodlines
42:29 Light Cavalry
43:32 Chain Mail Armor
43:38 Chain Barding Armor
43:33 Leather Archer Armor
43:54 Iron Casting
45:01 Bodkin Arrow
44:46 Gothikon
46:51 Crop Rotation
46:22 Elite Jarl
47:47 Architecture
47:22 Siege Engineers
48:20 Chemistry
48:08 Conscription
49:03 Illumination
50:05 Two-Man Saw
49:55 Plate Barding Armor
50:16 Onager
51:35 Ring Archer Armor
54:24 Plate Mail Armor
54:55 Blast Furnace
53:56 Bracer
55:33 Elite Skirmisher
57:19 Theocracy
57:04 Faith
57:32 Cavalier
Yakudzzza
1:18 Loom
11:59 Feudal Age
13:47 Wheelbarrow
12:57 Town Watch
13:01 Double-Bit Axe
13:44 Horse Collar
25:07 Castle Age
24:05 Forging
23:56 Scale Mail Armor
23:48 Fletching
23:58 Padded Archer Armor
23:55 Fishing Lines
26:05 Hand Cart
25:52 Town Patrol
26:25 Bow Saw
29:52 Heavy Plow
32:05 Pikeman
32:49 Squires
32:36 Arson
34:28 Gillnets
39:33 Imperial Age
37:16 Fortified Wall
37:27 Ballistics
38:09 Chemistry
37:20 Masonry
38:34 Caravan
39:06 Coinage
38:37 Bodkin Arrow
38:57 Leather Archer Armor
39:19 Iron Casting
39:00 Chain Mail Armor
38:53 Murder Holes
39:19 Clinker Construction
41:51 Two-Man Saw
41:20 Wagenburg Tactics
42:43 Siege Engineers
43:34 Architecture
43:19 Bracer
43:52 Ring Archer Armor
45:07 Houfnice
45:37 Arrowslits
47:27 Blast Furnace
46:58 Plate Mail Armor
46:33 Scale Barding Armor
47:43 Halberdier
59:51 Husbandry
59:13 Cavalier
59:16 Light Cavalry
60:34 Banking
60:14 Guilds
R1tch_13e
1:01 Loom
12:58 Feudal Age
18:13 Wheelbarrow
24:17 Castle Age
22:23 Double-Bit Axe
27:10 Bow Saw
26:42 Horse Collar
31:00 Gold Mining
31:00 Stone Mining
31:59 Heavy Plow
35:24 Imperial Age
33:47 Fortified Wall
33:28 Heated Shot
34:31 Masonry
34:16 Fletching
36:29 Hand Cart
35:59 Town Watch
36:07 Arrowslits
36:43 Ballistics
36:56 Scale Barding Armor
38:40 Chemistry
38:28 Town Patrol
42:45 Bombard Tower
42:16 Guard Tower
42:39 Forging
42:25 Bodkin Arrow
42:31 Scale Mail Armor
42:31 Padded Archer Armor
50:03 Iron Casting
49:44 Chain Mail Armor
52:30 Two-Man Saw
FosterWig
0:51 Loom
8:38 Wheelbarrow
8:50 Double-Bit Axe
12:01 Horse Collar
15:03 Feudal Age
16:06 Hand Cart
15:55 Heavy Plow
15:52 Gold Mining
16:00 Stone Mining
16:54 Bow Saw
24:27 Stone Shaft Mining
24:42 Gold Shaft Mining
28:58 Castle Age
30:49 Crop Rotation
31:36 Two-Man Saw
38:41 Imperial Age
40:54 Elite Coustillier
43:25 Caravan
44:47 Burgundian Vineyards
50:02 Chemistry
50:38 Burgundian Vineyards
Connection lost

Rejoining the realm…

Still unreachable

The connection could not be restored.

Session expired

The server has moved on; the page needs a fresh start.